 Dungeon Crawl Stone Soup version 0.30.0-29-ga12c61a403 (webtiles) character file.

Game seed: 5679680021468041343

3311 ChrisAssaf the Ruffian (level 9, -10/106 HPs)
             Began as a Pale Draconian Transmuter on June 3, 2023.
             Was a Believer of Ru.
             Succumbed to a green ugly thing's poison
             ... on level 7 of the Dungeon.
             The game lasted 00:32:10 (7677 turns).

ChrisAssaf the Ruffian (Pale Draconian Transmuter)  Turns: 7677, Time: 00:32:11

Health: -10/106    AC:  2    Str: 14    XL:     9   Next: 70%
Magic:  13/15      EV: 21    Int: 23    God:    Ru [**....]
Gold:   361        SH:  0    Dex: 16    Spells: 1/16 levels left

rFire   . . .        C - melded +0 arbalest
rCold   . . .        (shield currently unavailable)
rNeg    . . .        (body armour unavailable)
rPois   x            (helmet currently unavailable)
rElec   .            (cloak currently unavailable)
rCorr   .            (gloves currently unavailable)
SInv    .            (boots currently unavailable)
Will    .....        h - amulet of the acrobat Stlth
                     e - ring of wizardry
HPRegen 0.37/turn    t - +6 ring of intelligence
MPRegen 0.14/turn

%: acrobat, wizardry (x1)
@: berserking, lethally poisoned (-10 -> -92), short of breath, spider-form,
horrified, very quick
A: venomous fangs, (breathe steam), AC +7, tiny, unfitting armour,
(cold-blooded), cowardly, missing an eye, (steam resistance)
a: End Transformation, Renounce Religion


You were on level 7 of the Dungeon.
You worshipped Ru.
Ru was pleased with you.
You were a venomous arachnid creature.
You visited 1 branch of the dungeon, and saw 7 of its levels.
You also visited: Sewer.

You collected 361 gold pieces.

Inventory:

Hand Weapons
 k - a +2 hand axe
 l - a +3 dagger of venom
 C - a +0 arbalest (melded)
Missiles
 p - 2 throwing nets
 x - 11 boomerangs (quivered)
Jewellery
 e - a ring of wizardry (left front pincers)
 h - an amulet of the acrobat (around neck)
 n - an amulet of guardian spirit
 o - a ring of flight
 t - a +6 ring of intelligence (right front pincers)
 w - a ring of willpower
 D - a ring of positive energy
Wands
 j - a wand of paralysis (6)
Scrolls
 c - 2 scrolls of noise
 f - a scroll of torment
 q - a scroll of fog
 s - 3 scrolls of teleportation
 y - a scroll of vulnerability {unknown}
Potions
 a - 5 potions of lignification
 d - a potion of magic {unknown}
 g - a potion of resistance {unknown}
 i - a potion of curing {unknown}
 m - a potion of mutation {unknown}
 r - 3 potions of haste {unknown}
 u - 4 potions of brilliance
 v - a potion of flight {unknown}
 z - a potion of berserk rage
 A - a potion of invisibility {unknown}
 B - a potion of attraction {unknown}


   Skills:
 * Level 4.0 Fighting
 - Level 2.0 Short Blades
 - Level 3.0 Axes
 * Level 2.1 Ranged Weapons
 * Level 2.7 Throwing
 * Level 4.4 Dodging
 * Level 3.8 Stealth
 * Level 5.6 Unarmed Combat
 * Level 4.3 Spellcasting
 * Level 1.7 Conjurations
 * Level 0.8 Hexes
 * Level 1.5 Translocations
 * Level 4.3 Transmutations
 * Level 2.9 Ice Magic
 * Level 0.9 Earth Magic
 * Level 3.1 Poison Magic
 * Level 3.5 Evocations


You had one spell level left.
You knew the following spells:

 Your Spells              Type           Power      Damage    Failure   Level
a - Momentum Strike       Conj/Tloc      18%        3d8       9%          2
b - Wereblood             Tmut           19%        N/A       4%          2
c - Spider Form           Tmut/Pois      17%        N/A       7%          3
d - Ice Form              Ice/Tmut       16%        N/A       19%         4
e - Leda's Liquefaction   Hex/Erth       3%         N/A       43%         4

Your spell library contained the following spells:

 Spells                   Type           Power      Damage    Failure   Level
 Beastly Appendage        Tmut           38%        N/A       2%          1
 Blink                    Tloc           18%        N/A       9%          2
 Lesser Beckoning         Tloc           18%        N/A       9%          2
 Lee's Rapid Deconstruct  Erth           3%         3d5*      71%         5
 Necromutation            Tmut/Necr      5%         N/A       100%        8


Dungeon Overview and Level Annotations

Branches:
Dungeon (7/15)             Temple (0/1) D:5           Sewer (visited)

Altars:
Gozag
Makhleb
Qazlal
Ru
Sif Muna
Xom

Annotations:
D:4 1 runed translucent door, nroviw's ghost, amateur GrFi


Innate Abilities, Weirdness & Mutations

You are a venomous arachnid creature.
You have venomous fangs.
You are tiny and dextrous.
Your spellcasting is less reliable in this form.
Your armour is entirely melded.
You are incapable of wielding weapons or throwing items.
((You can breathe blasts of scalding, opaque steam.))
((Your pale cyan-grey scales are hard. (AC +7)))
You cannot fit into any form of body armour.
((You are cold-blooded and may be slowed by cold attacks.))
Your cowardice makes you less effective in combat with threatening foes.
You are missing an eye, making it more difficult to aim.
((You are immune to the effects of steam.))


Message History

The green ugly thing kicks you but does no damage.
You feel much better.
You feel extremely sick. The green ugly thing kicks you!
You closely miss the green ugly thing.
The green ugly thing is almost dead.
You feel extremely sick.
The green ugly thing is engulfed in a cloud of scalding steam.
The green ugly thing barely misses you.
You barely miss the green ugly thing.
The green ugly thing is almost dead.
You feel extremely sick. The green ugly thing kicks you.
* * * LOW HITPOINT WARNING * * *
You feel much better.
You feel very sick.
The green ugly thing completely misses you.
You hit the green ugly thing.
The green ugly thing is almost dead.
You feel very sick.
The green ugly thing closely misses you.
You hit the green ugly thing but do no damage.
The green ugly thing is almost dead.
You feel very sick. The green ugly thing misses you.
You hit the green ugly thing.
The green ugly thing is almost dead.
You feel sick. The green ugly thing kicks you!
You are lethally poisoned!
The green ugly thing poisons you!
You hit the green ugly thing.
The green ugly thing is almost dead.
* * * LOW HITPOINT WARNING * * *
You feel extremely sick. The green ugly thing barely misses you.
Unknown command.
It was a potion of berserk rage.
A red film seems to cover your vision as you go berserk!
You feel yourself moving faster!
You feel mighty!
You die...

#.##..##....####'.#.####
#.##..##...## ####...<#
#.....####.# ########
#####.####.# #...
##).....## #...
#........###########...
#......#.##>.u.....'...
#..†...+.##.########...
#.....s####.###....#...
#.....u'...............
#......#.....#........~
#....................u~
#.......P(_.P.......P♣~
#..÷................♣~.
#......#...###........♣
#...÷..#...# #...?..f♣~
#......#...# #.........


You could see a green ugly thing.

Vanquished Creatures
  Pikel (D:6)
  Sigmund (D:5)
  A wyvern (D:7)
  2 water moccasins
  2 sky beasts (D:7)
  An ice beast (D:7)
  Pargi (D:3)
  4 black bears
  2 ogres
  7 scorpions
  5 hounds
  A jelly (D:7)
  A gnoll bouda (D:6)
  2 orc priests
  A sleepcap (D:3)
  6 iguanas
  3 orc wizards
  Robin (D:3)
  9 gnolls
  6 adders
  A shadow imp (D:5)
  2 ufetubi (D:6)
  6 worms
  4 dart slugs
  26 orcs
  13 bats
  3 endoplasms (D:3)
  2 giant cockroaches
  9 goblins
  12 hobgoblins
  3 quokkas
  10 ball pythons
  A frilled lizard (D:3)
  11 kobolds
  8 rats
168 creatures vanquished.

Vanquished Creatures (collateral kills)
  Duvessa (D:5)
1 creature vanquished.

Vanquished Creatures (others)
  Dowan (D:5)
1 creature vanquished.

Grand Total: 170 creatures vanquished

Notes
Turn   | Place    | Note
-------+----------+-------------------------------------------
     0 | D:1      | ChrisAssaf the Draconian Transmuter began the quest for the
                  | Orb.
     0 | D:1      | Reached XP level 1. HP: 16/16 MP: 3/3
     2 | D:1      | You fall into a shaft and drop 1 floor!
   106 | D:1      | Reached XP level 2. HP: 18/23 MP: 0/5
   109 | D:1      | Learned a level 2 spell: Wereblood
   589 | D:2      | Reached XP level 3. HP: 24/28 MP: 4/6
   603 | D:2      | Learned a level 3 spell: Spider Form
   794 | D:3      | Noticed a black bear
   806 | D:3      | Killed a black bear
   807 | D:3      | Reached skill level 1 in Stealth
   807 | D:3      | Reached XP level 4. HP: 25/36 MP: 4/8
   916 | D:4      | Reached XP level 5. HP: 41/41 MP: 5/9
  1016 | D:4      | Reached skill level 1 in Poison Magic
  1028 | D:4      | Found a runed translucent door.
  1034 | D:4      | Noticed nroviw's ghost (amateur GrFi)
  1137 | D:4      | Noticed a black bear
  1158 | D:4      | Killed a black bear
  1159 | D:4      | Reached skill level 4 in Unarmed Combat
  1159 | D:4      | Reached XP level 6. HP: 23/48 MP: 8/10
  1219 | D:4      | Reached skill level 1 in Axes
  1219 | D:4      | Reached skill level 1 in Evocations
  1360 | D:4      | Found a shimmering altar of Xom.
  1361 | D:4      | Found a sacrificial altar of Ru.
  1413 | D:4      | Became a worshipper of Ru the Awakened
  1471 | D:4      | Learned a level 4 spell: Ice Form
  1973 | D:3      | Noticed Pargi
  2007 | D:3      | Killed Pargi
  2008 | D:3      | Your scales start taking on a pale cyan-grey colour.
  2008 | D:3      | Reached XP level 7. HP: 23/56 MP: 7/12
  2008 | D:3      | Gained mutation: You are immune to the effects of steam.
                  | [Pale Draconian growth]
  2276 | D:3      | Got the Spellbook of the Reshaped Fjord
  2490 | D:3      | Noticed Robin
  2497 | D:3      | Found an opulent altar of Gozag.
  2556 | D:3      | Killed Robin
  2620 | D:3      | Found a faded altar of an unknown god.
  2646 | D:3      | Gained mutation: You are missing an eye, making it more
                  | difficult to aim. [Ru sacrifice]
  2646 | D:3      | Reached * piety under Ru
  4205 | D:4      | You fall into a shaft and drop 2 floors!
  4307 | D:6      | Found a glowing drain.
  4308 | D:6      | Noticed Pikel
  4316 | Sewer    | Entered a sewer
  4328 | Sewer    | Reached skill level 1 in Throwing
  4328 | Sewer    | Reached skill level 1 in Ice Magic
  4552 | D:6      | Killed Pikel
  4553 | D:6      | Reached skill level 1 in Short Blades
  4553 | D:6      | Reached skill level 5 in Unarmed Combat
  4553 | D:6      | Reached XP level 8. HP: 16/63 MP: 11/13
  4717 | D:6      | Identified the +1 pair of boots of the End {-Tele Harm rC+
                  | rN++}
  5267 | D:6      | Learned a level 2 spell: Momentum Strike
  5552 | D:5      | Entered Level 5 of the Dungeon
  5557 | D:5      | Noticed Sigmund
  5789 | D:5      | Killed Sigmund
  5790 | D:5      | Reached XP level 9. HP: 68/70 MP: 13/15
  5840 | D:5      | Found a staircase to the Ecumenical Temple.
  5909 | D:5      | HP: 3/105 [poisoned by a water moccasin]
  5910 | D:5      | HP: 1/105 [poisoned by a water moccasin]
  6150 | D:5      | Gained mutation: Your cowardice makes you less effective in
                  | combat with threatening foes. [Ru sacrifice]
  6150 | D:5      | Reached ** piety under Ru
  6315 | D:5      | Found a stormy altar of Qazlal.
  6353 | D:5      | Noticed Dowan
  6354 | D:5      | Noticed Duvessa
  6362 | D:5      | Killed Dowan
  6371 | D:5      | Killed Duvessa
  6372 | D:5      | Reached skill level 1 in Conjurations
  6576 | D:5      | Reached skill level 1 in Translocations
  7037 | D:5      | Learned a level 4 spell: Leda's Liquefaction
  7113 | D:7      | Reached skill level 1 in Ranged Weapons
  7330 | D:7      | Noticed a green ugly thing
  7336 | D:7      | Found a burning altar of Makhleb.
  7367 | D:7      | Found a shimmering blue altar of Sif Muna.
  7583 | D:7      | Noticed a troll
  7677 | D:7      | Succumbed to a green ugly thing's poison

Illustrated notes

Levels and vault maps discovered:
D:1:      tarquinn_simple_flora_water_b, layout_basic
D:2:      layout_basic
D:3:      minmay_spotlight, layout_basic, marbit_many_paths,
          ebering_ecumenical_altar_sacrificial, uniq_pargi, uniq_robin
D:4:      layout_loops_ring, mainiacjoe_overflow_catwalk_spiral,
          ebering_ghost_sewer_d, corexii_corridor_pit
D:5:      layout_layer_cave, nicolae_qazlal_scattered_showers,
          minmay_temple_entry_ruins, uniq_sigmund, uniq_duvessa
D:6:      layout_gridville, cheibrodos_sewer_entry_drain, uniq_pikel
D:7:      layout_basic, mainiacjoe_overflow_tiny_flanked,
          nicolae_overflow_crystal_walls, serial_bayou_pond_b

Skill      XL: |  1  2  3  4  5  6  7  8  9 |
---------------+----------------------------+-----
Dodging        | 2 3 4 |  4.4
Stealth        | 1 2 3 |  3.8
Fighting       | 2 3 4 |  4.0
Poison Magic   | 1 2 3 |  3.1
Spellcasting   | 3 4 |  4.3
Transmutations | 3 4 |  4.3
Unarmed Combat | 4 5 |  5.6
Axes           | 1 2 3 |  3.0
Evocations     | 1 2 3 |  3.5
Throwing       | 1 2 |  2.7
Ice Magic      | 1 2 |  2.9
Short Blades   | 1 2 |  2.0
Conjurations   | 1 |  1.7
Translocations | 1 |  1.5
Ranged Weapons | 2 |  2.1
Hexes          | |  0.8
Earth Magic    | |  0.9

Action                     |  1- 3 |  4- 6 |  7- 9 || total
---------------------------+-------+-------+-------++-------
  Melee: Unarmed           |    76 |    32 |   116 ||   224
         Kick              |    12 |     8 |       ||    20
         Headbutt          |     8 |     4 |       ||    12
         Tailslap          |     6 |     8 |     5 ||    19
         Punch             |     1 |     2 |       ||     3
         Hand axe          |       |    52 |     3 ||    55
         Dagger            |       |       |    27 ||    27
   Fire: Arbalest          |       |       |    34 ||    34
  Throw: Boomerang         |       |       |    14 ||    14
   Cast: Beastly Appendage |    16 |     4 |       ||    20
         Spider Form       |     4 |     9 |    25 ||    38
         Wereblood         |       |     2 |     2 ||     4
         Momentum Strike   |       |       |     6 ||     6
 Invoke: Sacrifice an Eye  |       |       |     1 ||     1
         Sacrifice Courage |       |       |     1 ||     1
Ability: Breathe Steam     |       |       |    57 ||    57
         End Transformatio |       |       |     1 ||     1
  Evoke: Wand              |       |     5 |    11 ||    16
    Use: Scroll            |     3 |     2 |    15 ||    20
         Potion            |       |       |     5 ||     5
   Stab: Sleeping          |       |     1 |     4 ||     5
         Paralysed         |       |       |     5 ||     5
         Invisible         |       |       |     1 ||     1
         Distracted        |       |       |     2 ||     2
 Armour: Skin              |    25 |    31 |    43 ||    99
  Dodge: Dodged            |    88 |   125 |   213 ||   426
